 Dungeon Crawl Stone Soup version 0.25.1-8-g42b30a86e7 (webtiles) character file.

Game seed: 18044183120901666616

200 Descartes the Ducker (level 5, 0/25 HPs)
             Began as a Felid Monk on Dec 25, 2020.
             Slain by a black bear (3 damage)
             ... on level 2 of the Dungeon.
             The game lasted 00:05:22 (4202 turns).

Descartes the Ducker (Felid Monk)                   Turns: 4202, Time: 00:05:22

Health: 0/25       AC:  1    Str:  8    XL:     5   Next: 49%
Magic:  7/7        EV: 21    Int: 11    God:
Gold:   186        SH:  0    Dex: 19    Spells: 4/4 levels left
                                        Lives:  0   Deaths: 1

rFire    . . .     SeeInvis +     - Unarmed
rCold    . . .     Gourm    .   (shield unavailable)
rNeg     . . .     Faith    .   (armour unavailable)
rPois    .         Spirit   .   (helmet unavailable)
rElec    .         Reflect  .   (cloak unavailable)
rCorr    .         Harm     .   (gloves unavailable)
MR       .....                  (boots unavailable)
Stlth    +++.......             (no amulet)
HPRegen  0.08/turn              (no ring)
MPRegen  0.10/turn              (no ring)

@: quick
A: very small, no armour, no weapons or thrown items, stealth, claws 1, fangs 3,
see invisible, carnivore, speed 1, shaggy fur 1, slow metabolism 1, sharp paws
a: no special abilities


You were on level 2 of the Dungeon.
You were completely stuffed.

You visited 1 branch of the dungeon, and saw 3 of its levels.

You collected 186 gold pieces.

Inventory:

Missiles
 c - 68 stones
 k - 22 arrows
Wands
 p - a wand of acid (10)
Scrolls
 b - 3 scrolls of remove curse
 e - a scroll of fog {unknown}
 f - 2 scrolls of identify {unknown}
 h - 2 scrolls of random uselessness {unknown}
 i - a scroll of enchant weapon {unknown}
 j - a scroll of magic mapping {unknown}
 l - 3 scrolls of teleportation {unknown}
 m - a scroll of immolation {unknown}
 o - 2 scrolls of amnesia {unknown}
Potions
 d - 4 potions of curing {unknown}
 g - a potion of berserk rage {unknown}
 n - a potion of brilliance {unknown}
 r - 2 potions of stabbing {unknown}
Comestibles
 a - 7 rations
 q - a chunk of flesh


   Skills:
 + Level 4.1 Fighting
 + Level 5.5 Dodging
 + Level 4.8 Stealth
 + Level 4.2 Unarmed Combat
 + Level 1.9 Evocations


You had 4 spell levels left.
You didn't know any spells.
Your spell library was empty.

Dungeon Overview and Level Annotations

Branches:
Dungeon (3/15)

Altars:


Innate Abilities, Weirdness & Mutations

You cannot wear armour.
You are incapable of wielding weapons or throwing items.
Your paws allow you to move quietly. (Stealth)
You have sharp claws.
You have razor-sharp teeth.
You have supernaturally acute eyesight. (SInv)
You are carnivorous and can eat meat at any time.
You cover ground quickly.
You are covered in fur. (AC +1)
You have a slow metabolism.
Your sharp claws are effective at attacking unaware monsters.


Message History

The black bear bites you. The black bear claws you.
The black bear completely misses you.
You scratch the black bear but do no damage.
You bite the black bear.
The black bear is lightly wounded.
The black bear bites you. The black bear barely misses you.
The black bear closely misses you.
You scratch the black bear.
The black bear is moderately wounded.
The black bear closely misses you. The black bear claws you.
The black bear closely misses you.
You scratch the black bear.
The black bear is moderately wounded.
The black bear bites you!
* * * LOW HITPOINT WARNING * * *
The black bear completely misses you. The black bear misses you.
You completely miss the black bear.
The black bear is moderately wounded.
The black bear bites you.
You die...

###...#........##........#.....
#.....#........##.#......##.#..
###.....#..............#.####.#..
................###.#..#.# #.#..
...............## #)#..#.####....
........##.########.#............
...#######.####..................
...# ##.........#h..#.#.#........
...# #..##......@.....#.#...#..##
#### #...##..####.#.###....#..##
###........#.............###
#####...##....8.....8.##....#
##.....######..........##.##..
#...........#...)>.....##.###.
##########..................##
#.##...............##
###.##..........#......


You could see a black bear.

Vanquished Creatures
  An ogre (D:3)
  2 orc wizards (D:3)
  Natasha (D:3)
  3 adders
  An ooze (D:2)
  5 leopard geckos
  11 orcs
  5 giant cockroaches
  11 goblins
  7 hobgoblins
  11 jackals
  3 quokkas
  3 bats (D:1)
  7 frilled lizards
  8 kobolds
  6 rats
85 creatures vanquished.

Notes
Turn   | Place    | Note
-------+----------+-------------------------------------------
     0 | D:1      | Descartes the Felid Monk began the quest for the Orb.
     0 | D:1      | Reached XP level 1. HP: 10/10 MP: 2/2
   129 | D:1      | Reached XP level 2. HP: 14/14 MP: 3/3
   498 | D:1      | Reached XP level 3. HP: 16/17 MP: 4/4
  1634 | D:2      | Reached XP level 4. HP: 18/21 MP: 5/5
  2314 | D:3      | Reached skill level 5 in Dodging
  2863 | D:3      | Reached XP level 5. HP: 24/25 MP: 6/6
  3049 | D:3      | Reached skill level 1 in Evocations
  3115 | D:3      | Noticed Natasha
  3120 | D:3      | Killed Natasha
  3247 | D:3      | Noticed an ogre
  3264 | D:3      | Slain by an ogre
  3265 | D:3      | Reached XP level 4. HP: -4/22 MP: 6/6
  3563 | D:3      | Noticed a black bear
  3967 | D:3      | Killed an ogre
  3967 | D:3      | Reached XP level 5. HP: 23/25 MP: 7/7
  4202 | D:2      | Slain by a black bear

Illustrated notes

Levels and vault maps discovered:
D:1:      lemuel_arrival_broad_hall, layout_loops_ring, minmay_misc_feat_alley,
          chequers_arboretum
D:2:      layout_rooms, first_ration, st_stairs_1, serial_bayou_lagoon_b
D:3:      layout_loops_cross, kennysheep_generic_room_16, uniq_natasha

Skill      XL: |  1  2  3  4  5 |
---------------+----------------+-----
Stealth        | 3 4 |  4.8
Dodging        | 5 |  5.5
Evocations     | 1 |  1.9
Unarmed Combat | 4 |  4.2
Fighting       | 4 |  4.1

Action                   |  1- 3 |  4- 6 || total
-------------------------+-------+-------++-------
Melee: Unarmed           |   129 |   180 ||   309
       Bite              |     9 |    25 ||    34
       Punch             |       |     1 ||     1
  Use: Scroll            |       |     1 ||     1
 Stab: Sleeping          |    16 |     4 ||    20
       Distracted        |     1 |     1 ||     2
  Eat: Chunk             |     9 |    10 ||    19
Armor: Skin              |     4 |     3 ||     7
Dodge: Dodged            |   103 |   158 ||   261
